 Dungeon Crawl Stone Soup version 0.31-a0-702-gf82c85558f (webtiles) character file.

Game seed: 14232337758586029801

39 qw the Shooter (level 3, 0/21 HPs)
             Began as a Gargoyle Hunter on Sept 7, 2023.
             Slain by Sigmund
             ... wielding a +0 scythe
              (10 damage)
             ... on level 2 of the Dungeon.
             The game lasted 00:00:24 (1421 turns).

qw the Shooter (Gargoyle Hunter)                    Turns: 1421, Time: 00:00:25

Health: 0/21       AC: 10    Str: 14    XL:     3   Next: 47%
Magic:  3/3        EV: 10    Int:  9    God:
Gold:   11         SH:  0    Dex: 15    Spells: 2/2 levels left

rFire   . . .        Y - +0 shortbow
rCold   . . .        (shield currently unavailable)
rNeg    + . .        k - +0 ring mail
rPois   inf          d - +0 helmet
rElec   +            (no cloak)
rCorr   .            (no gloves)
SInv    .            i - +0 pair of boots
Will    .....        (no amulet)
Stlth   +            (no ring)
HPRegen 0.23/turn    (no ring)
MPRegen 0.08/turn

%: no passive effects
@: no status effects
A: sickness immunity, AC +3, negative energy resistance 1, electricity
resistance, torment resistance 1, petrification resistance
a: no special abilities


You were on level 2 of the Dungeon.
You visited 1 branch of the dungeon, and saw 2 of its levels.

You collected 30 gold pieces.
You spent 19 gold pieces at shops.


Innate Abilities, Weirdness & Mutations

You are immune to sickness and miasma.
Your stone body is resilient. (AC +3)
You are immune to poison.
You resist negative energy. (rN+)
You are resistant to electric shocks. (rElec)
You are resistant to unholy torment.
You are immune to petrification.


   Skills:
 + Level 2.2 Fighting
 - Level 5.0 Ranged Weapons
 - Level 1.1 Armour
 - Level 1.5 Dodging
 - Level 1.1 Stealth


You had 2 spell levels left.
You didn't know any spells.
Your spell library was empty.

Inventory:

Hand Weapons
 Y - a +0 shortbow (weapon)
Armour
 d - a +0 helmet (worn)
 i - a +0 pair of boots (worn)
 k - a +0 ring mail (worn)
Scrolls
 b - a scroll of fog {unknown}
Potions
 a - a potion of attraction {unknown}
 e - a potion of heal wounds
 f - a potion of haste {unknown}

Dungeon Overview and Level Annotations

Branches:
Dungeon (2/15)

Altars:

Shops:
D:1 *:(*

Annotations:
D:2 Sigmund


Message History

The jackal closely misses you.
Your Ranged Weapons skill increases to level 5!
You shoot an arrow. The arrow closely misses the jackal.
The jackal closely misses you. The jackal misses you.
You shoot an arrow. The arrow barely misses the jackal.
The jackal closely misses you. x2
You shoot an arrow. The arrow hits the jackal!
You kill the jackal!
You see here a jackal corpse.
A kobold comes into view. It is wielding a +0 short sword.
The kobold shouts!
You shoot an arrow. The arrow hits the kobold.
You kill the kobold!
Things that are here:
a +0 short sword; 4 stones; a kobold corpse You open the door.
Sigmund the Dreaded comes into view.
He is wielding a +0 scythe.
Sigmund shouts!
A quokka comes into view.
Sigmund points at you and mumbles some strange words.
The magic dart hits you!
Enter note:
Enter note:
Enter note:
Enter note:
Enter note: You shoot an arrow.
The arrow hits Sigmund.
Sigmund is lightly wounded.
Sigmund says, "Your kind have come here before.
I understand now why.
You desire death..."
You shoot an arrow.
The arrow hits Sigmund but does no damage.
Sigmund is lightly wounded.
Sigmund casts a spell.
Sigmund flickers and vanishes!
Deactivating autopickup; reactivate with Ctrl-A.
You shoot an arrow. Something hits you.
You shoot an arrow. The arrow closely misses the quokka.
The quokka barely misses you. Something hits you!
You die...

.##.#..## #....#
.##.#...####.........####...#####
...........+.........+...........
........####.........####...#####
.##.##.## ....... #..## .##.##.#
..... #.## .##.##.# .{. #.####
.##.##.# #r# #....# >##.##.# #@#
####.# .......# #.# #.#
###.############.## #.#
#...........#...## #.#
###########......# #.# #.#...##
### #.# #.##.## ##.#####.#
#.##.####........#
#..........#.#####


You could see a quokka.

Vanquished Creatures
  An adder (D:2)
  A dart slug (D:1)
  5 endoplasms (D:1)
  A goblin (D:1)
  3 hobgoblins
  2 jackals (D:2)
  2 quokkas (D:1)
  4 ball pythons (D:1)
  2 bats (D:1)
  A frilled lizard (D:1)
  2 kobolds
  2 rats
26 creatures vanquished.

Notes
Turn   | Place    | Note
-------+----------+-------------------------------------------
     0 | D:1      | qw the Gargoyle Hunter began the quest for the Orb.
     0 | D:1      | Reached XP level 1. HP: 12/12 MP: 1/1
     0 | D:1      | 0 ||| qw: Version: 0.3-a-76-g4403597
     0 | D:1      | 0 ||| qw: Game counter: 914
     0 | D:1      | 0 ||| qw: Melee chars always use a shield: true
     0 | D:1      | 0 ||| qw: God list: Okawaru
     0 | D:1      | 0 ||| qw: Allow faded altars: false
     0 | D:1      | 0 ||| qw: Do Orc after clearing Dungeon:15 true
     0 | D:1      | 0 ||| qw: Do second Lair branch before Depths: true
     0 | D:1      | 0 ||| qw: Lair rune preference: random
     0 | D:1      | 0 ||| qw: Goals: Normal
     0 | D:1      | 0 ||| PLANNING D:1-11
    99 | D:1      | Found a faded altar of an unknown god.
   111 | D:1      | Found Vallo's Weapon Shop.
   111 | D:1      | Found Moadgh's General Store.
   123 | D:1      | Reached XP level 2. HP: 17/17 MP: 2/2
   184 | D:1      | 184 ||| SHOPLISTING +0 ring mail (44 gold, have 7).
   184 | D:1      | 184 ||| SHOPLISTING potion of curing (33 gold, have 7).
   184 | D:1      | 184 ||| SHOPLISTING potion of enlightenment (55 gold, have
                  | 7).
   184 | D:1      | 184 ||| SHOPLISTING scroll of identify (22 gold, have 7).
   258 | D:1      | HP: 4/17 [kobold/+0 whip (2)]
   364 | D:1      | Found Geilus's Assorted Antiques.
   371 | D:1      | 371 ||| SHOPLISTING glowing gilded ring (95 gold, have 23).
   371 | D:1      | 371 ||| SHOPLISTING ring mail (76 gold, have 23).
   371 | D:1      | 371 ||| BUYING scroll labelled PEJ MUTOIWO (19 gold).
   371 | D:1      | Bought a scroll labelled PEJ MUTOIWO for 19 gold pieces
   371 | D:1      | 371 ||| SHOPLISTING scroll labelled SADUSE HI NOACK (19
                  | gold, have 4).
   371 | D:1      | 371 ||| SHOPLISTING scroll labelled XABLOU ZOZ DIVA (19
                  | gold, have 4).
   371 | D:1      | 371 ||| SHOPLISTING thin peridot amulet (95 gold, have 4).
   418 | D:1      | Found Quemm's Book Shop.
   733 | D:1      | Reached XP level 3. HP: 21/21 MP: 3/3
   870 | D:1      | 870 ||| UPGRADING to +0 helmet.
   875 | D:1      | 875 ||| UPGRADING to +0 pair of boots.
   880 | D:1      | 880 ||| UPGRADING to +0 ring mail.
   890 | D:1      | 890 ||| DROPPING +0 leather armour.
   891 | D:1      | 891 ||| READING scroll labelled XELOX HOIKHID.
   892 | D:1      | 892 ||| READING scroll labelled PEJ MUTOIWO.
   893 | D:1      | 893 ||| READING scroll labelled SADUSE HI NOACK.
   894 | D:1      | 894 ||| DRINKING 2 lumpy inky potions.
   895 | D:1      | 895 ||| DROPPING scroll of butterflies.
  1190 | D:2      | Reached skill level 1 in Armour
  1302 | D:2      | Reached skill level 5 in Ranged Weapons
  1417 | D:2      | Noticed Sigmund
  1421 | D:2      | Slain by Sigmund

Levels and vault maps discovered:
D:1:      amcnicky_arrival_abandoned_market, layout_basic,
          basic_ecumenical_altar, serial_shops, shop,
          nicolae_shop_rolling_square, shop, nicolae_shop_rolling_square,
          chequers_jeans
D:2:      layout_loops_corners, uniq_sigmund

Skill      XL: |  1  2  3 |
---------------+----------+-----
Armour         | 1 |  1.1
Ranged Weapons | 5 |  5.0
Fighting       | |  2.2
Dodging        | |  1.5
Stealth        | |  1.1

Action                     || total
---------------------------++-------
   Fire: Shortbow          ||    95
    Use: Scroll            ||     3
         Potion            ||     1
 Armour: Leather armour    ||    27
         Ring mail         ||    16
  Dodge: Dodged            ||    45

Table legend:
 A = Non-vault XP
 B = Vault XP
 C = Vault XP percentage of total XP
 D = Non-vault monster count
 E = Vault monster count
 F = Vault count percentage of total count
                 A         B        C        D         E       F
            +---------+---------+-------+---------+---------+-------
      Total |      57 |       0 |   0.0 |      26 |       0 |   0.0
            +---------+---------+-------+---------+---------+-------
        D:1 |      35 |       0 |   0.0 |      20 |       0 |   0.0
        D:2 |      22 |       0 |   0.0 |       6 |       0 |   0.0
            +---------+---------+-------+---------+---------+-------
